 Dungeon Crawl Stone Soup version 0.31.0-9-g3a7656b989 (webtiles) character file.

Game seed: 7425507509028630916

324 Gottschkopf the Conjurer (level 6, -1/32 HPs)
             Began as a Deep Elf Conjurer on Feb 3, 2024.
             Was an Initiate of Vehumet.
             Slain by a kobold
             ... wielding a +0 whip
              (2 damage)
             ... on level 4 of the Dungeon.
             The game lasted 00:07:51 (2925 turns).

Gottschkopf the Conjurer (Deep Elf Conjurer)        Turns: 2925, Time: 00:07:51

Health: -1/32      AC:  7    Str:  4    XL:     6   Next: 23%
Magic:  4/13       EV: 12    Int: 25    God:    Vehumet [......]
Gold:   74         SH:  0    Dex: 13    Spells: 1/12 levels left

rFire   . . .        p - +1 dagger (venom)
rCold   + . .        (no shield)
rNeg    . . .        a - +0 robe
rPois   .            l - +0 helmet
rElec   .            n - +0 cloak
rCorr   .            f - +2 pair of gloves
SInv    .            (no boots)
Will    .....        j - amulet of magic regeneration
Stlth   ++           (no ring)
HPRegen 0.25/turn    (no ring)
MPRegen 0.53/turn

%: no passive effects
@: attractive, very slightly contaminated
A: cold resistance 1, no potion heal 1
a: Renounce Religion


You were on level 4 of the Dungeon.
You worshipped Vehumet.
Vehumet was noncommittal.
You visited 1 branch of the dungeon, and saw 4 of its levels.

You collected 74 gold pieces.

Inventory:

Hand Weapons
 p - a +1 dagger of venom (weapon)
Armour
 a - a +0 robe (worn)
 f - a +2 pair of gloves (worn)
 l - a +0 helmet (worn)
 n - a +0 cloak (worn)
Jewellery
 j - an amulet of magic regeneration (around neck)
Scrolls
 d - 2 scrolls of noise {unknown}
 g - 6 scrolls of identify
 h - 2 scrolls of amnesia
 i - a scroll of silence {unknown}
 k - a scroll of teleportation {unknown}
Potions
 b - a potion of magic
 c - a potion of might


   Skills:
 - Level 2.4 Dodging
 - Level 2.4 Stealth
 - Level 3.7 Spellcasting
 * Level 7.4 Conjurations
 - Level 1.3 Translocations
 - Level 2.1 Alchemy


You had one spell level left.
You knew the following spells:

 Your Spells              Type           Power      Damage    Failure   Level
a - Magic Dart            Conj           100%       1d8       1%          1
b - Searing Ray           Conj           84%        2d7       1%          2
c - Fulminant Prism       Conj/Alch      14%        3d9       13%         4
d - Iskenderun's Mystic   Conj/Tloc      26%        2d7       16%         4

Your spell library contained the following spells:

 Spells                   Type           Power      Damage    Failure   Level
 Sandblast                Erth           8%         2d5       10%         1
 Stone Arrow              Conj/Erth      46%        3d9       6%          3
 Lesser Beckoning         Tloc           22%        N/A       9%          2
 Gell's Gravitas          Tloc           11%        N/A       16%         3
 Teleport Other           Tloc           11%        N/A       16%         3
 Brom's Barrelling Bould  Conj/Erth      23%        2d4       21%         4
 Passwall                 Erth           4%         N/A       28%         3


Dungeon Overview and Level Annotations

Branches:
Dungeon (4/15)
 Temple: D:4-7

Altars:
Gozag
Qazlal
Sif Muna
Uskayaw
Vehumet
Xom

Shops:
D:1 *!(*


Innate Abilities, Weirdness & Mutations

Your flesh is cold resistant. (rC+)
Potions are less effective at restoring your health.


Message History

* * * LOW HITPOINT WARNING * * *
Casting: Fulminant Prism (quite dangerous; 13% risk of failure)
Confirm with . or Enter, or press ? or * to list all spells.
You erupt in a blast of force!
The mystic blast hits the orc!
You kill the orc!
Vehumet accepts your kill.
The mystic blast hits the orc.
You kill the orc!
Vehumet accepts your kill.
* * * LOW HITPOINT WARNING * * *
You feel sick.
You hear a shout!
It was a potion of attraction.
You feel attractive to monsters.
* * * LOW HITPOINT WARNING * * *
You feel sick.
An adder comes into view.
The iguana is attracted toward you. The kobold is attracted toward you.
The ogre is attracted toward you. The adder is attracted toward you.
It was a potion of curing.
Your system partially rejects the healing.
You feel better.
The adder hisses angrily.
The ogre barely misses you. The orc hits you but does no damage.
The iguana closely misses you. The kobold is attracted toward you.
The adder is attracted toward you.
As you read the scroll labelled SUZIS SAOVO, it crumbles to dust.
It is a scroll of amnesia.
Okay, then.
The kobold hits you but does no damage. The orc hits you with a +0 mace.
* * * LOW HITPOINT WARNING * * *
The iguana bites you.
* * * LOW HITPOINT WARNING * * *
The ogre hits you with a +0 giant club.
* * * LOW HITPOINT WARNING * * *
The kobold is attracted toward you.
The air fills with toxic fumes!
As you read the scroll labelled POMUOR GACI, it crumbles to dust.
It was a scroll of poison.
The kobold hits you with a +0 whip.
You die...

##..#..............##.#
.......§##§§§§..§§§§§# ##
.
......§§§§§§§..§§#§.##.#..
###...§§§§§§§.#§§§.§§.K..!
....§§§§§§§##§§#§§§....#
.§§§§§§§§§§§K§..###K.
§§§§§§§§§§§....##...
§§§§§§§§§#....#.....
§§§§§§§@o#.....#....
§§§§§§OKl§§§§§§.....
§§§§§§§S§§♣§§§♣.....
§§§§§§§§§§§§§§§.....
§§§§§§§#§§§§§.§.....
§§§§§§§.§§§§#§§.....
§§§§§§##§§§§#.§.....
§#§§§# #§§§§§....... ...
#....###.....


You could see an ogre, an iguana, an adder, an orc and 2 kobolds.

Vanquished Creatures
  Menkaure (D:4)
  A bombardier beetle (D:4)
  A hound (D:4)
  Jessica (D:3)
  5 adders
  2 ribbon worms
  2 orcs (D:4)
  5 ball pythons
  An endoplasm (D:4)
  3 giant cockroaches
  11 goblins
  6 hobgoblins
  5 jackals
  5 kobolds
  A quokka (D:4)
  3 bats
  4 frilled lizards
  3 rats (D:1)
60 creatures vanquished.

Vanquished Creatures (others)
  An orc (D:4)
1 creature vanquished.

Grand Total: 61 creatures vanquished

Notes
Turn   | Place    | Note
-------+----------+-------------------------------------------
     0 | D:1      | Gottschkopf the Deep Elf Conjurer began the quest for the
                  | Orb.
     0 | D:1      | Reached XP level 1. HP: 10/10 MP: 6/6
    28 | D:1      | Found Yhekol's Distillery.
    43 | D:1      | Found Sarat's Weapon Boutique.
    78 | D:1      | Found Nifathur's Assorted Antiques.
   663 | D:1      | Reached XP level 2. HP: 15/15 MP: 4/8
   714 | D:1      | Reached skill level 5 in Conjurations
   767 | D:1      | Learned a level 2 spell: Searing Ray
   780 | D:1      | Found a transporter.
   782 | D:1      | Found Hemaschy's Assorted Antiques.
  1038 | D:1      | Found a transporter.
  1440 | D:2      | Reached XP level 3. HP: 19/19 MP: 3/9
  1709 | D:2      | Identified the +1 leather armour of the Special Ears
                  | {Rampage}
  1827 | D:3      | Found a stormy altar of Qazlal.
  1905 | D:3      | Reached skill level 6 in Conjurations
  1945 | D:3      | Found a shimmering blue altar of Sif Muna.
  2078 | D:3      | Found a hide-covered altar of Uskayaw.
  2092 | D:3      | Gained mutation: Your flesh is cold resistant. (rC+)
                  | [potion of mutation]
  2092 | D:3      | Gained mutation: Potions are less effective at restoring
                  | your health. [potion of mutation]
  2151 | D:3      | Found an opulent altar of Gozag.
  2190 | D:3      | Noticed Jessica
  2198 | D:3      | Killed Jessica
  2199 | D:3      | Reached XP level 4. HP: 14/24 MP: 7/10
  2205 | D:3      | Learned a level 4 spell: Fulminant Prism
  2689 | D:4      | Found a shimmering altar of Xom.
  2710 | D:4      | HP: 1/24 [poisoned by an adder]
  2713 | D:4      | Reached skill level 1 in Alchemy
  2713 | D:4      | Reached XP level 5. HP: 2/28 MP: 6/12
  2881 | D:4      | Reached skill level 7 in Conjurations
  2887 | D:4      | Learned a level 4 spell: Iskenderun's Mystic Blast
  2901 | D:4      | Found a radiant altar of Vehumet.
  2906 | D:4      | Noticed Menkaure
  2910 | D:4      | Became a worshipper of Vehumet
  2913 | D:4      | Killed Menkaure
  2913 | D:4      | Noticed a black bear
  2914 | D:4      | Reached skill level 1 in Translocations
  2914 | D:4      | Reached XP level 6. HP: 18/32 MP: 10/13
  2924 | D:4      | HP: 1/32 [ogre/+0 giant club (2)]
  2925 | D:4      | Slain by a kobold

Illustrated notes

Levels and vault maps discovered:
D:1:      dpeg_arrival_water_temple_mockup, layout_loops_corners, serial_shops,
          nicolae_shop_waterfront, shop, nicolae_shop_drivethru, shop
D:2:      layout_basic, serial_park_tiny_2
D:3:      kennysheep_the_goblin_king, layout_basic,
          mainiacjoe_overflow_surrounded_room, old_standard_altar,
          general_overflow_altar, grunt_qazlal_clouds, uniq_jessica
D:4:      layout_cave_pools, mainiacjoe_overflow_tiny_flanked,
          xom_confusion_cloud, chequers_serial_rivers_large_b, hex_tiny,
          uniq_menkaure

Skill      XL: |  1  2  3  4  5 |
---------------+----------------+-----
Conjurations   | 5 6 7 |  7.4
Alchemy        | 1 2 |  2.1
Translocations | 1 |  1.3
Dodging        | |  2.4
Stealth        | |  2.4
Spellcasting   | |  3.7

Action                     |  1- 3 |  4- 6 || total
---------------------------+-------+-------++-------
  Melee: Dagger            |    23 |       ||    23
   Cast: Magic Dart        |    72 |    22 ||    94
         Searing Ray       |     3 |     4 ||     7
         Iskenderun's Myst |       |     1 ||     1
    Use: Scroll            |     2 |     2 ||     4
         Potion            |     1 |     2 ||     3
 Armour: Robe              |    13 |    19 ||    32
  Dodge: Dodged            |    20 |    17 ||    37
